Map: Orbital Shipyard

Players

Spyre - Winner!

  • Race: Terran Terran
  • League: Diamond

LilDicky

  • Race: Terran Terran
  • League: Diamond

VOD

http://www.twitch.tv/tumescentpie

Description

Time

  • Played on: Dec. 7, 2015, 1:45 p.m.
  • Length: 4:02
Show
View Real Time Build Order
Export as new Build Order

Spyre Terran - Winner!

Build Orders: Reaper Expand 

Get SALT Encoding   

  12  0:00  SCV  
  13  0:12  SCV  
  14  0:18  Supply Depot  
  14  0:24  SCV  
  15  0:38  Refinery  
  15  0:43  Barracks  
  15  0:44  SCV  
  16  0:56  SCV  
  17  1:08  SCV  
  18  1:31  Reaper, Orbital Command  
  19  1:48  Command Center  
  19  1:56  Supply Depot  
  19  1:58  SCV  
  20  2:04  Barracks Reactor  
  20  2:10  SCV  
  20  2:24  SCV  
  20  2:25  Factory, Refinery  
  21  2:36  SCV  
  22  2:42  Marine x2  
  24  2:48  SCV  
  25  3:00  SCV, Marine x2  
  25  3:05  SCV  
  28  3:11  Hellion  
  28  3:12  SCV  
  31  3:18  Marine x2  
  34  3:24  SCV  
  34  3:25  Orbital Command  
  34  3:33  Hellion  
  35  3:40  SCV  
  36  3:42  Starport  
  37  3:52  Engineering Bay  
  39  4:00  Factory Tech Lab  
Show
View Real Time Build Order
Export as new Build Order

LilDicky Terran 

Build Orders:  

Get SALT Encoding   

  12  0:03  SCV  
  13  0:15  SCV  
  14  0:22  Supply Depot  
  14  0:28  SCV  
  15  0:42  Refinery  
  15  0:43  SCV  
  15  0:46  Barracks  
  16  0:56  SCV  
  17  1:08  SCV  
  18  1:20  SCV  
  19  1:32  SCV  
  20  1:44  Reaper  
  20  1:45  Supply Depot  
  20  1:46  Orbital Command  
  21  2:12  Refinery  
  21  2:17  Factory  
  21  2:20  Command Center  
  21  2:21  Marine  
  22  2:26  SCV  
  22  3:01  Marine  
  21  3:12  Hellion  
  20  3:15  Starport  
  20  3:18  Marine  
  18  3:26  SCV  
  17  3:33  Factory Tech Lab  
  17  3:36  Marine  
  17  3:38  SCV  
Tags
 
Add a new tag
Caveats
  • Supply blocks, unpowered buildings, or Contaminate may cause inaccurate times.
  • Supply counts are checked every 10 seconds.